| TOP OF THE 1ST |
|
Atlanta Braves batting - Pitching for New York Mets : RHP Oscar Brito
|
|
Pitching: RHP Oscar Brito
|
|
|
Batting: SHB Tony Fernandez
|
0-0: Called Strike 0-1: Ground out 4-3 (Groundball, 4, EV 110.0 MPH)
|
|
Batting: LHB Mike Hargrove
|
0-0: Ball 1-0: SOLO HOME RUN (Flyball, 9LD, EV 105.0 MPH), Distance : 358 ft
|
|
Batting: LHB Leon Durham
|
0-0: Ball 1-0: Ball 2-0: Ball 3-0: Called Strike 3-1: Foul Ball, location: 2F 3-2: Strikes out swinging
|
|
Batting: LHB Bobby Murcer
|
0-0: Swinging Strike 0-1: Ball 1-1: Ball 2-1: Ball 3-1: Base on Balls
|
|
Batting: LHB Mike Scioscia
|
0-0: Ball 1-0: Ball 2-0: Called Strike 2-1: Foul Ball, location: 2F 2-2: Ball 3-2: Foul Ball, location: 2F 3-2: Fly out, F6 (Flyball, 56D, EV 85.6 MPH)
|
| Top of the 1st over - 1 run, 1 hit, 0 errors, 1 left on base; Atlanta 1 - New York 0 |
| BOTTOM OF THE 1ST |
|
New York Mets batting - Pitching for Atlanta Braves : RHP Gary Serum
|
|
Pitching: RHP Gary Serum
|
|
|
Batting: LHB Lyman Bostock
|
0-0: Foul Ball, location: 2F 0-1: Fly out, F6 (Line Drive, 6, EV 75.6 MPH)
|
|
Batting: RHB Bill Almon
|
0-0: Ball 1-0: Bunt for hit to 3S - play at first, batter safe!
|
|
Batting: LHB John Kruk
|
0-0: Ball 1-0: Called Strike 1-1: Foul Ball, location: 2F 1-2: Foul Ball, location: 2F 1-2: Ball 2-2: Ball 3-2: Fly out, F4 (Flyball, 34D, EV 87.5 MPH)
|
|
Batting: RHB Garry Maddox
|
0-0: Ball Bill Almon steals 2nd base 1-0: Foul Ball, location: 2F 1-1: Ball 2-1: Swinging Strike 2-2: Foul Ball, location: 2F 2-2: Strikes out looking
|
| Bottom of the 1st over - 0 runs, 1 hit, 0 errors, 1 left on base; Atlanta 1 - New York 0 |
| TOP OF THE 2ND |
|
Atlanta Braves batting - Pitching for New York Mets : RHP Oscar Brito
|
|
Batting: RHB Craig Kusick
|
0-0: Ball 1-0: Ball 2-0: Ground out 6-3 (Groundball, 6S, EV 88.1 MPH)
|
|
Batting: LHB Joe L Morgan
|
0-0: Ball 1-0: Ground out 5-3 (Groundball, 56, EV 88.1 MPH)
|
|
Batting: RHB Tom Veryzer
|
0-0: Swinging Strike 0-1: Ball 1-1: Foul Ball, location: 2F 1-2: Ball 2-2: Ball 3-2: Strikes out swinging
|
| Top of the 2nd over - 0 runs, 0 hits, 0 errors, 0 left on base; Atlanta 1 - New York 0 |
| BOTTOM OF THE 2ND |
|
New York Mets batting - Pitching for Atlanta Braves : RHP Gary Serum
|
|
Batting: SHB Ken Singleton
|
0-0: Called Strike 0-1: Ball 1-1: Called Strike 1-2: Fly out, F5 (Popup, 25, EV 87.5 MPH)
|
|
Batting: RHB Rick Burleson
|
0-0: Called Strike 0-1: Ball 1-1: Ball 2-1: Ball 3-1: Called Strike 3-2: Fly out, F9 (Line Drive, 9, EV 94.4 MPH)
|
|
Batting: LHB Terry Kennedy
|
0-0: Ball 1-0: Fly out, F7 (Flyball, 7, EV 79.4 MPH)
|
| Bottom of the 2nd over - 0 runs, 0 hits, 0 errors, 0 left on base; Atlanta 1 - New York 0 |
| TOP OF THE 3RD |
|
Atlanta Braves batting - Pitching for New York Mets : RHP Oscar Brito
|
|
Batting: RHB Gary Serum
|
0-0: Called Strike 0-1: Foul Ball, location: 2F 0-2: Strikes out looking
|
|
Batting: SHB Tony Fernandez
|
0-0: Foul Ball, location: 2F 0-1: Foul Ball, location: 2F 0-2: Ball 1-2: Ground out 5-3 (Groundball, 56S, EV 85.6 MPH)
|
|
Batting: LHB Mike Hargrove
|
0-0: Ball 1-0: Called Strike 1-1: Foul Ball, location: 2F 1-2: Foul Ball, location: 2F 1-2: SOLO HOME RUN (Flyball, 9LD, EV 100.0 MPH), Distance : 359 ft
|
|
Batting: LHB Leon Durham
|
0-0: Ball 1-0: Called Strike 1-1: Foul Ball, location: 2F 1-2: Fly out, F9 (Flyball, 9D, EV 103.1 MPH)
|
| Top of the 3rd over - 1 run, 1 hit, 0 errors, 0 left on base; Atlanta 2 - New York 0 |
| BOTTOM OF THE 3RD |
|
New York Mets batting - Pitching for Atlanta Braves : RHP Gary Serum
|
|
Batting: RHB Dave Concepcion
|
0-0: Ball 1-0: Fly out, F7 (Flyball, 7S, EV 79.4 MPH)
|
|
Batting: RHB Oscar Brito
|
0-0: Called Strike 0-1: Hit by Pitch
|
|
Batting: LHB Lyman Bostock
|
0-0: SINGLE (Groundball, 4MD, EV 101.3 MPH) Oscar Brito to second Runner from 2nd tries for 3rd, SAFE, no throw by CF
|
|
Batting: RHB Bill Almon
|
0-0: Called Strike 0-1: Ball 1-1: Ball 2-1: Ball 3-1: Fly out, F7 (Flyball, 7LS, EV 91.3 MPH)
|
|
Batting: LHB John Kruk
|
0-0: Ball 1-0: Foul Ball, location: 2F 1-1: Called Strike 1-2: Foul Ball, location: 2F 1-2: Ball 2-2: 3-RUN HOME RUN (Flyball, 9D, EV 97.5 MPH), Distance : 377 ft
|
|
Batting: RHB Garry Maddox
|
0-0: Foul Ball, location: 2F 0-1: Called Strike 0-2: Ball 1-2: SINGLE (Line Drive, 6MD, EV 96.3 MPH)
|
|
Batting: SHB Ken Singleton
|
0-0: Swinging Strike 0-1: Ball 1-1: Ball 2-1: Ball 3-1: Foul Ball, location: 2F 3-2: Foul Ball, location: 2F 3-2: Foul Ball, location: 2F 3-2: Ground out 4-3 (Groundball, 34, EV 106.9 MPH)
|
| Bottom of the 3rd over - 3 runs, 3 hits, 0 errors, 1 left on base; Atlanta 2 - New York 3 |
| TOP OF THE 4TH |
|
Atlanta Braves batting - Pitching for New York Mets : RHP Oscar Brito
|
|
Batting: LHB Bobby Murcer
|
0-0: Called Strike 0-1: Ball 1-1: Called Strike 1-2: Strikes out swinging
|
|
Batting: LHB Mike Scioscia
|
0-0: Ground out 3-1 (Groundball, 34, EV 82.5 MPH)
|
|
Batting: RHB Craig Kusick
|
0-0: Ball 1-0: Ball 2-0: Ball 3-0: Called Strike 3-1: Swinging Strike 3-2: Base on Balls
|
|
Batting: LHB Joe L Morgan
|
0-0: 2-RUN HOME RUN (Flyball, 9LD, EV 96.3 MPH), Distance : 358 ft
|
|
Batting: RHB Tom Veryzer
|
0-0: Called Strike 0-1: Called Strike 0-2: Ball 1-2: Foul Ball, location: 2F 1-2: Ground out 4-3 (Groundball, 4M, EV 103.8 MPH)
|
| Top of the 4th over - 2 runs, 1 hit, 0 errors, 0 left on base; Atlanta 4 - New York 3 |
| BOTTOM OF THE 4TH |
|
New York Mets batting - Pitching for Atlanta Braves : RHP Gary Serum
|
|
Batting: RHB Rick Burleson
|
0-0: Foul Ball, location: 2F 0-1: Ball 1-1: Fly out, F7 (Flyball, 78S, EV 80.0 MPH)
|
|
Batting: LHB Terry Kennedy
|
0-0: Fly out, F9 (Flyball, 89M, EV 94.4 MPH)
|
|
Batting: RHB Dave Concepcion
|
0-0: Ball 1-0: Ball 2-0: Foul Ball, location: 2F 2-1: Ball 3-1: SINGLE (Line Drive, 8RS, EV 108.1 MPH)
|
|
Batting: RHB Oscar Brito
|
0-0: Ball 1-0: Ground out 4-3 (Groundball, 34, EV 78.1 MPH)
|
| Bottom of the 4th over - 0 runs, 1 hit, 0 errors, 1 left on base; Atlanta 4 - New York 3 |
| TOP OF THE 5TH |
|
Atlanta Braves batting - Pitching for New York Mets : RHP Oscar Brito
|
|
Batting: RHB Gary Serum
|
0-0: Foul Ball, location: 2F 0-1: Foul Ball, location: 2F 0-2: Ball 1-2: Ball 2-2: Ground out 1-3 (Groundball, 34S, EV 66.9 MPH)
|
|
Batting: SHB Tony Fernandez
|
0-0: Ground out 4-3 (Groundball, 4, EV 85.6 MPH)
|
|
Batting: LHB Mike Hargrove
|
0-0: Ball 1-0: Foul Ball, location: 2F 1-1: Ball 2-1: Swinging Strike 2-2: Foul Ball, location: 2F 2-2: Strikes out looking
|
| Top of the 5th over - 0 runs, 0 hits, 0 errors, 0 left on base; Atlanta 4 - New York 3 |
| BOTTOM OF THE 5TH |
|
New York Mets batting - Pitching for Atlanta Braves : RHP Gary Serum
|
|
Batting: LHB Lyman Bostock
|
0-0: Ball 1-0: Called Strike 1-1: Ball 2-1: Foul Ball, location: 2F 2-2: SINGLE (Groundball, 6M, EV 78.8 MPH) (infield hit)
|
|
Batting: RHB Bill Almon
|
0-0: Bunted foul 0-1: Sac Bunt to 2L - play at first, batter OUT! 2-4 Lyman Bostock to second
|
|
Batting: LHB John Kruk
|
0-0: Foul Ball, location: 2F 0-1: Ball 1-1: Ball 2-1: Swinging Strike 2-2: Foul Ball, location: 2F 2-2: Ball 3-2: Fly out, F7 (Flyball, 7LS, EV 91.9 MPH)
|
|
Batting: RHB Garry Maddox
|
0-0: Called Strike 0-1: Foul Ball, location: 2F 0-2: Ball 1-2: Ball 2-2: Ball 3-2: Foul Ball, location: 2F 3-2: Fly out, F8 (Flyball, 78D, EV 93.1 MPH)
|
| Bottom of the 5th over - 0 runs, 1 hit, 0 errors, 1 left on base; Atlanta 4 - New York 3 |
| TOP OF THE 6TH |
|
Atlanta Braves batting - Pitching for New York Mets : RHP Oscar Brito
|
|
Batting: LHB Leon Durham
|
0-0: Called Strike 0-1: Ball 1-1: Ground out 6-3 (Groundball, 6, EV 104.4 MPH)
|
|
Batting: LHB Bobby Murcer
|
0-0: Called Strike 0-1: Called Strike 0-2: Ball 1-2: Ball 2-2: Foul Ball, location: 2F 2-2: Foul Ball, location: 2F 2-2: Foul Ball, location: 2F 2-2: Foul Ball, location: 2F 2-2: Strikes out swinging
|
|
Batting: LHB Mike Scioscia
|
0-0: Foul Ball, location: 2F 0-1: Foul Ball, location: 2F 0-2: Ground out 1-3 (Groundball, 15S, EV 66.3 MPH)
|
| Top of the 6th over - 0 runs, 0 hits, 0 errors, 0 left on base; Atlanta 4 - New York 3 |
| BOTTOM OF THE 6TH |
|
New York Mets batting - Pitching for Atlanta Braves : RHP Gary Serum
|
|
Batting: SHB Ken Singleton
|
0-0: Called Strike 0-1: Foul Ball, location: 2F 0-2: Strikes out swinging
|
|
Batting: RHB Rick Burleson
|
0-0: Ball 1-0: Called Strike 1-1: Foul Ball, location: 2F 1-2: Ball 2-2: Ground out 6-3 (Groundball, 6, EV 85.0 MPH)
|
|
Batting: LHB Terry Kennedy
|
0-0: Called Strike 0-1: Ball 1-1: Called Strike 1-2: Ball 2-2: Ground out 4-3 (Groundball, 4, EV 103.8 MPH)
|
| Bottom of the 6th over - 0 runs, 0 hits, 0 errors, 0 left on base; Atlanta 4 - New York 3 |
| TOP OF THE 7TH |
|
Atlanta Braves batting - Pitching for New York Mets : RHP Oscar Brito
|
|
Batting: RHB Craig Kusick
|
0-0: Ball 1-0: Swinging Strike 1-1: Foul Ball, location: 2F 1-2: SINGLE (Groundball, 6D, EV 97.5 MPH)
|
|
Batting: LHB Joe L Morgan
|
0-0: Ball 1-0: Ball 2-0: Foul Ball, location: 2F 2-1: Foul Ball, location: 2F 2-2: Strikes out looking
|
|
Batting: RHB Tom Veryzer
|
0-0: Called Strike 0-1: Called Strike 0-2: Ball 1-2: Ball 2-2: Strikes out swinging
|
|
Pinch Hitting: LHB Matt Winters
|
0-0: Ball 1-0: Foul Ball, location: 2F 1-1: Called Strike 1-2: Ball 2-2: Ball 3-2: Strikes out looking
|
| Top of the 7th over - 0 runs, 1 hit, 0 errors, 1 left on base; Atlanta 4 - New York 3 |
| BOTTOM OF THE 7TH |
|
New York Mets batting - Pitching for Atlanta Braves : RHP Gary Serum
|
|
Pitching: RHP Charlie Lea
|
|
|
Batting: RHB Dave Concepcion
|
0-0: Called Strike 0-1: Ball 1-1: Ball 2-1: Foul Ball, location: 2F 2-2: SINGLE (Groundball, 3, EV 88.8 MPH) (infield hit)
|
|
Batting: RHB Oscar Brito
|
0-0: Ball 1-0: Sac Bunt to 15 - play at second, runner OUT! 1-6
|
|
Batting: LHB Lyman Bostock
|
0-0: Called Strike 0-1: Ball 1-1: Foul Ball, location: 2F 1-2: Ball 2-2: Fly out, F8 (Flyball, 8RS, EV 88.8 MPH)
|
|
Batting: RHB Bill Almon
|
0-0: Ground out 6-3 (Groundball, 56, EV 93.8 MPH)
|
| Bottom of the 7th over - 0 runs, 1 hit, 0 errors, 1 left on base; Atlanta 4 - New York 3 |
| TOP OF THE 8TH |
|
Atlanta Braves batting - Pitching for New York Mets : RHP Oscar Brito
|
|
Batting: SHB Tony Fernandez
|
0-0: Ball 1-0: Ground out 2-3 (Groundball, 2L, EV 63.1 MPH)
|
|
Batting: LHB Mike Hargrove
|
0-0: Called Strike 0-1: Ball 1-1: Ball 2-1: Called Strike 2-2: Ball 3-2: Base on Balls
|
|
Batting: LHB Leon Durham
|
0-0: TRIPLE (Flyball, 9LD, EV 99.4 MPH) Mike Hargrove scores
|
|
Pitching: LHP Rich Wortham
|
|
|
Batting: LHB Bobby Murcer
|
0-0: Swinging Strike 0-1: Foul Ball, location: 2F 0-2: Fly out, F9 (Line Drive, 9D, EV 108.1 MPH) Runner from 3rd tags up, SCORES, no throw by RF
|
|
Batting: LHB Mike Scioscia
|
0-0: Ball 1-0: Ball 2-0: Ball 3-0: Base on Balls
|
|
Batting: RHB Craig Kusick
|
0-0: Foul Ball, location: 2F 0-1: Ball 1-1: Foul Ball, location: 2F 1-2: Ball 2-2: Foul Ball, location: 2F 2-2: Fly out, F8 (Line Drive, 8LD, EV 101.9 MPH)
|
| Top of the 8th over - 2 runs, 1 hit, 0 errors, 1 left on base; Atlanta 6 - New York 3 |
| BOTTOM OF THE 8TH |
|
New York Mets batting - Pitching for Atlanta Braves : RHP Charlie Lea
|
|
Batting: LHB John Kruk
|
0-0: Called Strike 0-1: Foul Ball, location: 2F 0-2: Strikes out swinging
|
|
Batting: RHB Garry Maddox
|
0-0: Foul Ball, location: 2F 0-1: Swinging Strike 0-2: Fly out, F8 (Line Drive, 8LD, EV 101.3 MPH)
|
|
Batting: SHB Ken Singleton
|
0-0: Ball 1-0: Foul Ball, location: 2F 1-1: SINGLE (Groundball, 6M, EV 77.5 MPH) (infield hit)
|
|
Batting: RHB Rick Burleson
|
0-0: Ground out U3 (Groundball, 3S, EV 87.5 MPH)
|
| Bottom of the 8th over - 0 runs, 1 hit, 0 errors, 1 left on base; Atlanta 6 - New York 3 |
| TOP OF THE 9TH |
|
Atlanta Braves batting - Pitching for New York Mets : LHP Rich Wortham
|
|
Batting: LHB Joe L Morgan
|
0-0: Called Strike 0-1: Foul Ball, location: 2F 0-2: Ball 1-2: Foul Ball, location: 2F 1-2: Ball 2-2: Strikes out looking
|
|
Batting: RHB Tom Veryzer
|
0-0: Ball 1-0: Foul Ball, location: 2F 1-1: Swinging Strike 1-2: Strikes out looking
|
|
Batting: RHB Charlie Lea
|
0-0: Ball 1-0: Called Strike 1-1: Called Strike 1-2: Strikes out looking
|
| Top of the 9th over - 0 runs, 0 hits, 0 errors, 0 left on base; Atlanta 6 - New York 3 |
| BOTTOM OF THE 9TH |
|
New York Mets batting - Pitching for Atlanta Braves : RHP Charlie Lea
|
|
Now at 2B: UL Washington
|
|
|
Batting: LHB Terry Kennedy
|
0-0: Ball 1-0: Ball 2-0: Foul Ball, location: 2F 2-1: Called Strike 2-2: Strikes out swinging
|
|
Batting: RHB Dave Concepcion
|
0-0: Called Strike 0-1: Called Strike 0-2: Foul Ball, location: 2F 0-2: Ground out 5-3 (Groundball, 56, EV 103.8 MPH)
|
|
Pinch Hitting: LHB Alamazoo White
|
0-0: Ball 1-0: Called Strike 1-1: Fly out, F8 (Line Drive, 8LD, EV 90.6 MPH)
|
| Bottom of the 9th over - 0 runs, 0 hits, 0 errors, 0 left on base; Atlanta 6 - New York 3 |
|